 Dungeon Crawl Stone Soup version 0.30.1-9-gdf580d7c3d (webtiles) character file.

Game seed: 10016701117206533615

58 Norrock the Trooper (level 3, 0/33 HPs)
             Began as a Draconian Chaos Knight on Sept 28, 2023.
             Was a Plaything of Xom.
             Slain by a gnoll
             ... wielding a +0 flail
             ... led by a gnoll bouda
              (1 damage)
             ... on level 7 of the Dungeon.
             The game lasted 00:11:43 (2165 turns).

Norrock the Trooper (Draconian Chaos Knight)        Turns: 2165, Time: 00:11:44

Health: 0/33       AC:  6    Str: 20    XL:     3   Next: 76%
Magic:  3/3        EV: 12    Int: 12    God:    Xom [..*...]
Gold:   185        SH:  0    Dex: 12    Spells: 2/2 levels left

rFire   . . .        g - +1 rapier (flame)
rCold   . . .        (no shield)
rNeg    . . .        (body armour unavailable)
rPois   +            (helmet restricted)
rElec   .            (no cloak)
rCorr   .            (no gloves)
SInv    .            k - +0 pair of boots
Will    .....        (no amulet)
Stlth   +            e - +6 ring of strength
HPRegen 0.25/turn    i - ring of poison resistance
MPRegen 0.08/turn

%: no passive effects
@: brilliant
A: AC +5, unfitting armour, cold-blooded
a: Renounce Religion


You were on level 7 of the Dungeon.
You worshipped Xom.
You were a toy of Xom.
You visited 1 branch of the dungeon, and saw 6 of its levels.

You collected 185 gold pieces.

Inventory:

Hand Weapons
 a - a +0 mace of chaos
 g - a +1 rapier of flaming (weapon)
Missiles
 n - 5 poisoned darts
Armour
 k - a +0 pair of boots (worn)
Jewellery
 e - a +6 ring of strength (left hand)
 i - a ring of poison resistance (right hand)
 m - a ring of ice
Wands
 o - a wand of paralysis (6)
Scrolls
 d - 3 scrolls of identify
Potions
 c - 3 potions of attraction
 f - 2 potions of heal wounds
Miscellaneous
 b - a piece from Xom's chessboard (13/15) (quivered)


   Skills:
 + Level 3.9 Fighting
 + Level 1.0 Short Blades
 - Level 3.4 Maces & Flails
 + Level 2.3 Dodging
 + Level 1.5 Evocations


You had 2 spell levels left.
You didn't know any spells.
Your spell library contained the following spells:

 Spells                   Type           Power      Damage    Failure   Level
 Kiss of Death            Conj/Necr      0%         2d5       32%         1
 Confusing Touch          Hex            0%         N/A       69%         3
 Vhi's Electric Charge    Tloc/Air       0%         N/A       69%         3
 Dispel Undead            Necr           0%         3d6       97%         4
 Arcjolt                  Conj/Air       0%         1d10      100%        5
 Maxwell's Capacitive Co  Air            0%         ∞         100%        8


Dungeon Overview and Level Annotations

Branches:
Dungeon (7/15)
 Temple: D:4-7

Altars:
Qazlal
Ru

Shops:
D:2 =


Innate Abilities, Weirdness & Mutations

Your plain brown scales are hard. (AC +5)
You cannot fit into any form of body armour.
You are cold-blooded and may be slowed by cold attacks.


Message History

You slide downwards.
The hatch slams shut behind you.
The gnoll bouda shouts!
The gnoll shouts!
The kobold brigand shouts!
Xom smiles on you.
You feel clever all of a sudden.
The gnoll shouts! x3; You hear a shout!
You hit the plant.
The plant begins to die.
You burn the plant.
The plant is lightly damaged.
You hear a shout!
The gnoll hits the plant with a +0 flail!
The plant begins to die.
The gnoll enters a dispersal trap!
The gnoll bouda blinks! x2
The gnoll blinks! x5; You blink.
The gnoll blinks!
The gnoll bouda attacks as you move away!
The gnoll bouda hits you with a +0 whip!
A nearby plant withers and dies.
The gnoll bouda barks out a call to the hunt!
The gnolls pick up the pace!
The gnoll hits you from afar with a +1 spear of venom.
A nearby plant withers and dies.
The gnoll bouda barks out a call to the hunt!
The gnoll picks up the pace!
Something hits the plant!!
Xom's power flows through you! The gnoll hits you but does no damage.
The gnoll hits you with a +2 flail of protection!
The gnoll completely misses you. The gnoll attacks as you move away!
The gnoll misses you.
A nearby plant withers and dies.
The gnoll completely misses you.
Your rat closely misses the gnoll.
The gnoll hits you with a +0 flail.
* * * LOW HITPOINT WARNING * * *
Your rat barely misses the gnoll.
The gnoll attacks as you move away! The gnoll hits you with a +0 flail!
* * * LOW HITPOINT WARNING * * *
"See what I see, my child!"
You detect items!
The gnoll barely misses you.
Your rat closely misses the gnoll bouda.
The gnoll attacks as you move away! The gnoll hits you with a +0 flail.
You die...
Xom laughs nastily!

#≈≈≈≈≈≈≈≈≈≈≈≈≈
#≈≈≈≈≈≈~~≈≈≈≈~
#≈≈≈≈≈~.~~~~~.
#≈≈≈≈~........
#≈≈≈~~........
#≈≈≈~.........
#≈≈≈~.........#
#≈≈~..@# ...+
#≈~~.gg# ...####
#≈~...g# .......
#≈~....####.......
#≈~..gg....P...#
#≈~.r.........g#∆
#≈~~...........+
#≈~≈...........+
#≈~~.^...P..#### ∆


You could see a gnoll bouda, 4 gnolls and a friendly rat (summoned).

Vanquished Creatures
  An adder (D:3)
  A worm (D:2)
  6 bats
  4 endoplasms
  A giant cockroach (D:3)
  7 hobgoblins
  5 kobolds
  A quokka (D:1)
  5 ball pythons
  A frilled lizard (D:3)
  5 goblins
  3 rats
40 creatures vanquished.

Notes
Turn   | Place    | Note
-------+----------+-------------------------------------------
     0 | D:1      | Norrock the Draconian Chaos Knight began the quest for the
                  | Orb.
     0 | D:1      | Reached XP level 1. HP: 19/19 MP: 1/1
   229 | D:1      | XOM: potion effect (brilliance)
   266 | D:1      | XOM: god gift: Maxwell's Memoranda
   341 | D:1      | XOM: 9-stop teleportation journey
   377 | D:1      | Reached XP level 2. HP: 26/26 MP: 2/2
   992 | D:2      | Reached skill level 1 in Evocations
  1015 | D:2      | XOM: divination: detect creatures
  1122 | D:2      | Reached XP level 3. HP: 33/33 MP: 3/3
  1257 | D:2      | Found Focox's Jewellery Emporium.
  1300 | D:2      | Found a sacrificial altar of Ru.
  1869 | D:3      | Reached skill level 1 in Short Blades
  1927 | D:3      | XOM: cloud trail
  2151 | D:4      | You fall into a shaft and drop 2 floors!
  2151 | D:6      | Found a stormy altar of Qazlal.
  2154 | D:7      | Noticed a kobold brigand
  2154 | D:7      | XOM: potion effect (brilliance)
  2155 | D:7      | Noticed an ogre
  2156 | D:7      | Noticed an orc warrior
  2161 | D:7      | XOM: cast spell 'Summon Small Mammal'
  2164 | D:7      | HP: 1/33 [gnoll/+0 flail[a gnoll bouda] (7)]
  2164 | D:7      | XOM: divination: detect items
  2165 | D:7      | Slain by a gnoll

Illustrated notes

Levels and vault maps discovered:
D:1:      matt_arrival_refuge, layout_basic, minmay_misc_feat_five
D:2:      layout_basic, basic_altar, serial_shops,
          nicolae_shop_advertising_works [nicolae_subvault_shop_adworks]
D:3:      layout_basic
D:4:      layout_basic, cheibriados_altar_1, nemelex_altar_shiori,
          nicolae_shop_firing_range
D:6:      layout_basic, general_overflow_altar, nicolae_dithmenos_the_darkroom,
          nicolae_uskayaw_dance_studio, minmay_temple_entry_arrows,
          minmay_misc_feat_more_columns, uniq_pikel
D:7:      kennysheep_seaside_town, layout_basic,
          grunt_temple_overflow_magic_moments, kennysheep_mini_moat

Skill      XL: |  1  2  3 |
---------------+----------+-----
Evocations     | 1 |  1.5
Short Blades   | 1 |  1.0
Fighting       | |  3.9
Maces & Flails | |  3.4
Dodging        | |  2.3

Action                     || total
---------------------------++-------
  Melee: Mace              ||    30
         Rapier            ||    73
         Tailslap          ||     8
  Evoke: Piece from Xom's  ||     2
    Use: Scroll            ||     4
         Potion            ||     2
   Stab: Sleeping          ||     1
 Armour: Skin              ||    36
  Dodge: Dodged            ||    55
